 Dungeon Crawl Stone Soup version 0.31-a0-229-g1fc7ce93e2 (webtiles) character file.

Game seed: 2046220817866860363

99 qw the Shooter (level 4, 0/36 HPs)
             Began as a Minotaur Hexslinger on July 6, 2023.
             Succumbed to an orc's poison
             ... while paralysed by Grinder
             ... on level 3 of the Dungeon.
             The game lasted 00:00:33 (1869 turns).

qw the Shooter (Minotaur Hexslinger)                Turns: 1869, Time: 00:00:34

Health: 0/36       AC:  5    Str: 13    XL:     4   Next: 45%
Magic:  4/4        EV:  2    Int: 10    God:
Gold:   185        SH:  0    Dex: 14    Spells: 4/5 levels left

rFire   . . .        Y - +2 sling
rCold   . . .        (no shield)
rNeg    . . .        l - +0 ring mail
rPois   .            (helmet restricted)
rElec   .            (no cloak)
rCorr   .            (no gloves)
SInv    .            (no boots)
Will    .....        d - amulet of the acrobat
Stlth   +            (no ring)
HPRegen 0.26/turn    (no ring)
MPRegen 0.09/turn

%: acrobat
@: paralysed, lethally poisoned (0 -> -7)
A: horns 2, retaliatory headbutt
a: no special abilities


You were on level 3 of the Dungeon.
You visited 1 branch of the dungeon, and saw 3 of its levels.

You collected 185 gold pieces.


Innate Abilities, Weirdness & Mutations

You have a pair of horns on your head.
You reflexively headbutt those who attack you in melee.


   Skills:
 - Level 2.0 Fighting
 + Level 4.9 Ranged Weapons
 - Level 1.0 Armour
 - Level 2.1 Dodging
 - Level 1.0 Spellcasting
 - Level 2.0 Hexes


You had 4 spell levels left.
You knew the following spells:

 Your Spells              Type           Power      Damage    Failure   Level
a - Slow                  Hex            16%        N/A       32%         1

Your spell library contained the following spells:

 Spells                   Type           Power      Damage    Failure   Level
 Inner Flame              Hex/Fire       2%         N/A       82%         3
 Portal Projectile        Hex/Tloc       4%         N/A       82%         3
 Cause Fear               Hex            2%         N/A       97%         4

Inventory:

Hand Weapons
 Y - a +2 sling (weapon)
Armour
 l - a +0 ring mail (worn)
Jewellery
 d - an amulet of the acrobat (around neck)
Scrolls
 b - 2 scrolls of teleportation
 h - a scroll of identify
Potions
 a - a potion of enlightenment
 e - a potion of mutation {unknown}
 g - a potion of attraction {unknown}

Dungeon Overview and Level Annotations

Branches:
Dungeon (3/15)

Altars:

Annotations:
D:3 3 runed translucent doors, Grinder; qw's ghost, amateur GrHs


Message History

The sling bullet closely misses the orc.
The sling bullet hits Grinder.
Grinder is moderately wounded.
The orc barely misses you. The orc hits you with a +0 whip.
You shoot a sling bullet. The sling bullet hits the orc.
You kill the orc!
The orc closely misses you. Grinder barely misses you. You furiously retaliate!
You headbutt Grinder. The orc closely misses you. You furiously retaliate!
You headbutt the orc!
You kill the orc!
Your Armour skill increases to level 1!
You shoot a sling bullet.
The sling bullet closely misses Grinder.
The orc hits you from afar with a +0 trident.
The orc hits you with a +2 whip of venom.
Grinder blinks!
The orc completely misses you.
The orc hits you from afar with a +0 trident.
You shoot a sling bullet.
The sling bullet hits Grinder but does no damage.
Grinder is moderately wounded.
The orc barely misses you.
Grinder blinks!
The orc hits you with a +2 whip of venom.
You are poisoned.
You shoot a sling bullet. The sling bullet hits the orc.
The orc is heavily wounded.
You feel sick. The orc hits you but does no damage. x2
You are more poisoned.
You shoot a sling bullet. The sling bullet hits the orc.
You kill the orc!
You feel very sick. The orc misses you.
You shoot a sling bullet. The sling bullet hits Grinder.
Grinder is moderately wounded.
You feel sick. The orc barely misses you. Grinder gestures at you.
Pain shoots through your body!
The orc hits you from afar with a +0 trident.
Grinder gestures at you.
You suddenly lose the ability to move!
You die...

##. ...#+## #......
#...... ..).... .....o)
.###..5########
..>...)@......####### ##
.....#..#####.......##..
### ##.# #######.##..
... #.##.. .... #.##..
#....# #.##.. #....#
#..... ##.... #.#...
#....#


You could see Grinder and an orc.

Vanquished Creatures
  Jessica (D:2)
  2 adders (D:2)
  A gnoll (D:1)
  A dart slug (D:2)
  4 orcs (D:3)
  5 endoplasms (D:1)
  2 giant cockroaches (D:1)
  2 goblins
  2 hobgoblins (D:2)
  3 kobolds
  7 ball pythons
  2 bats
  5 frilled lizards (D:1)
  6 rats
43 creatures vanquished.

Notes
Turn   | Place    | Note
-------+----------+-------------------------------------------
     0 | D:1      | qw the Minotaur Hexslinger began the quest for the Orb.
     0 | D:1      | Reached XP level 1. HP: 16/16 MP: 1/1
     0 | D:1      | 0 ||| qw: Version: 0.3-a-46-gb1f654a
     0 | D:1      | 0 ||| qw: Game counter: 1587
     0 | D:1      | 0 ||| qw: Melee chars always use a shield: true
     0 | D:1      | 0 ||| qw: God list: Okawaru
     0 | D:1      | 0 ||| qw: Allow faded altars: false
     0 | D:1      | 0 ||| qw: Do Orc after clearing Dungeon:15 true
     0 | D:1      | 0 ||| qw: Do second Lair branch before Depths: true
     0 | D:1      | 0 ||| qw: Lair rune preference: random
     0 | D:1      | 0 ||| qw: Goals: Normal
     0 | D:1      | 0 ||| PLANNING D:1-11
    28 | D:1      | Reached skill level 3 in Ranged Weapons
    28 | D:1      | Reached XP level 2. HP: 12/23 MP: 2/2
   708 | D:1      | Reached XP level 3. HP: 26/29 MP: 3/3
   933 | D:1      | 933 ||| UPGRADING to amulet of the acrobat.
   938 | D:1      | 938 ||| READING scroll labelled ZISYPH TIGI.
   939 | D:1      | 939 ||| READING scroll labelled PAITAD UMIE.
   940 | D:1      | 940 ||| DROPPING scroll of poison.
  1073 | D:2      | Reached skill level 4 in Ranged Weapons
  1628 | D:2      | Noticed Jessica
  1632 | D:2      | Killed Jessica
  1633 | D:2      | Reached XP level 4. HP: 36/36 MP: 4/4
  1653 | D:2      | 1653 ||| UPGRADING to +0 ring mail.
  1663 | D:2      | 1663 ||| DROPPING +0 robe.
  1664 | D:2      | 1664 ||| READING scroll labelled YSULEUM XEOM.
  1665 | D:2      | 1665 ||| READING scroll labelled JOASTR YQEA.
  1666 | D:2      | 1666 ||| READING scroll labelled FOIM MUKUROMUFE.
  1667 | D:2      | 1667 ||| READING scroll labelled TOIGEC MEAL.
  1668 | D:2      | 1668 ||| READING scroll labelled BIUWUALIRU.
  1673 | D:2      | 1673 ||| DRINKING 2 silvery potions.
  1711 | D:3      | Found a runed translucent gate.
  1711 | D:3      | Found a runed translucent gate.
  1712 | D:3      | Found a runed translucent gate.
  1718 | D:3      | Noticed an ice beast
  1718 | D:3      | Noticed qw's ghost (amateur GrHs)
  1850 | D:3      | Noticed Grinder
  1852 | D:3      | Paralysed by Grinder for 4 turns
  1864 | D:3      | Reached skill level 1 in Armour
  1868 | D:3      | HP: 5/36 [Grinder/nerve-wracking pain (5)]
  1868 | D:3      | HP: 1/36 [orc/+0 trident (4)]
  1868 | D:3      | Paralysed by Grinder for 5 turns
  1869 | D:3      | Succumbed to an orc's poison

Levels and vault maps discovered:
D:1:      amcnicky_arrival_double_pillar, layout_loops_corners, minmay_unequal
D:2:      layout_basic, minmay_3d_cube, uniq_jessica
D:3:      minmay_recursive_quarters, layout_basic, tso_altar,
          gammafunk_ghost_split, serial_shops,
          nicolae_shop_tiny_real_fake_doors, uniq_grinder

Skill      XL: |  1  2  3  4 |
---------------+-------------+-----
Ranged Weapons | 3 4 |  4.9
Fighting       | 2 |  2.0
Armour         | 1 |  1.0
Dodging        | |  2.1
Spellcasting   | |  1.0
Hexes          | |  2.0

Action                     |  1- 3 |  4- 6 || total
---------------------------+-------+-------++-------
   Fire: Sling             |    85 |    26 ||   111
    Use: Scroll            |     2 |     5 ||     7
         Potion            |       |     1 ||     1
 Armour: Robe              |     8 |       ||     8
         Ring mail         |       |     2 ||     2
  Dodge: Dodged            |    20 |    15 ||    35

Table legend:
 A = Non-vault XP
 B = Vault XP
 C = Vault XP percentage of total XP
 D = Non-vault monster count
 E = Vault monster count
 F = Vault count percentage of total count
                 A         B        C        D         E       F
            +---------+---------+-------+---------+---------+-------
      Total |      83 |      59 |  41.5 |      35 |       8 |  18.6
            +---------+---------+-------+---------+---------+-------
        D:1 |      25 |      20 |  44.4 |      18 |       5 |  21.7
        D:2 |      41 |      39 |  48.8 |       9 |       3 |  25.0
        D:3 |      17 |       0 |   0.0 |       8 |       0 |   0.0
            +---------+---------+-------+---------+---------+-------
